 Dungeon Crawl Stone Soup version 0.27-a0-1591-gc56fcc985a (webtiles) character file.

Game seed: 2578627241410839737

4659 Conn the Arsonist (level 10, -4/61 HPs)
             Began as an Octopode Fire Elementalist on July 19, 2021.
             Was an Initiate of Sif Muna.
             Slain by a centaur warrior (9 damage)
             ... on level 9 of the Dungeon.
             The game lasted 00:31:35 (11593 turns).

Conn the Arsonist (Octopode Fire Elementalist)     Turns: 11593, Time: 00:31:38

Health: -4/61      AC:  1    Str:  8    XL:     10   Next: 43%
Magic:  19/19      EV: 14    Int: 21    God:    Sif Muna [......]
Gold:   444        SH:  5    Dex: 14    Spells: 4/22 levels left

rFire    . . .     SeeInvis .   h - +2 dagger (venom)
rCold    + . .     Faith    .   (no shield)
rNeg     . . .     Spirit   .   (helmet restricted)
rPois    .         Reflect  +   q - amulet of reflection
rElec    .         Harm     .   j - ring of Ilakhues {rC+ Dex+2 Slay+4}
rCorr    .         Rampage  .   (no ring)
Will     .....                  (no ring)
Stlth    ++++......             (no ring)
HPRegen  0.20/turn              (no ring)
MPRegen  0.16/turn              (no ring)
                                (no ring)
                                (no ring)

@: no status effects
A: almost no armour, amphibious, 8 rings, camouflage 1, gelatinous body 1,
(nimble swimmer 1), tentacles
a: Renounce Religion


You were on level 9 of the Dungeon.
You worshipped Sif Muna.
Sif Muna was noncommittal.
You visited 2 branches of the dungeon, and saw 10 of its levels.

You collected 444 gold pieces.

Inventory:

Hand Weapons
 c - a +0 short sword
 h - a +2 dagger of venom (weapon)
 w - a +2 scimitar of freezing
Missiles
 i - a throwing net
Armour
 v - a +1 kite shield
Jewellery
 j - the ring of Ilakhues (left tentacle) {rC+ Dex+2 Slay+4}
   (You acquired it on level 6 of the Dungeon)

   [ring of slaying]

   Dex:       It affects your dexterity (+2).
   Slay:      It affects your accuracy & damage with ranged weapons and melee
   (+4).
   rC:        It protects you from cold.
 q - an amulet of reflection (around mantle)
Wands
 r - a wand of polymorph (12)
 t - a wand of mindburst (23)
 u - a wand of paralysis (3)
Scrolls
 e - 5 scrolls of identify
 g - 2 scrolls of fog
 k - 4 scrolls of teleportation
 o - a scroll of summoning {unknown}
Potions
 b - a potion of berserk rage
 d - a potion of mutation
 f - a potion of might
 m - a potion of attraction
 n - a potion of degeneration {unknown}
 p - a potion of resistance {unknown}
 s - a potion of cancellation


   Skills:
 + Level 2.4 Fighting
 + Level 1.7 Short Blades
 + Level 3.1 Dodging
 + Level 5.0 Stealth
 + Level 1.0 Shields
 + Level 6.5 Spellcasting
 * Level 7.4 Conjurations
 + Level 0.9 Hexes
 + Level 3.6 Translocations
 * Level 8.8 Fire Magic
 * Level 2.8 Invocations
 + Level 0.4 Evocations


You had 4 spell levels left.
You knew the following spells:

 Your Spells              Type           Power      Damage    Failure   Level
a - Foxfire               Conj/Fire      100%       2x1d9     1%          1
b - Conjure Flame         Conj/Fire      41%        6-21      1%          3
c - Inner Flame           Hex/Fire       27%        N/A       3%          3
d - Blink                 Tloc           N/A        N/A       3%          2
e - Sticky Flame          Conj/Fire      41%        2d6       3%          4
f - Fireball              Conj/Fire      20%        3d10      9%          5

Your spell library contained the following spells:

 Spells                   Type           Power      Damage    Failure   Level
 Sublimation of Blood     Necr           3%         N/A       14%         2
 Petrify                  Tmut/Erth      6%         N/A       67%         4
 Irradiate                Conj/Tmut      11%        3d17      50%         5
 Manifold Assault         Tloc           22%        N/A       50%         5
 Storm Form               Tmut/Air       3%         N/A       100%        7


Dungeon Overview and Level Annotations

Branches:
Dungeon (9/15)             Temple (1/1) D:6
   Lair: D:8-11         Orc: D:9-12

Altars:
Ashenzari
Cheibriados
Elyvilon
Fedhas
Gozag
Hepliaklqana
Kikubaaqudgha
Makhleb
Nemelex Xobeh
Okawaru
Qazlal
Ru
Sif Muna
Trog
Uskayaw
Vehumet
Wu Jian
Xom
Yredelemnul
Zin
The Shining One

Shops:
D:7 =   D:9 [

Annotations:
D:7 2 transporters, fly's ghost, novice FoDe


Innate Abilities, Weirdness & Mutations

You cannot wear most types of armour.
You are amphibious.
You can wear up to eight rings at the same time.
Your skin changes colour to match your surroundings (Stealth+).
Your rubbery body absorbs attacks. (AC +1, EV +1)
((You are camouflaged near water. (Stealth+)))
You have tentacles for arms and can constrict up to eight enemies at once.


Message History

Okay, then.
Casting: Blink (safe; 3% risk of failure)
Confirm with . or Enter, or press ? or * to list all spells.
Okay, then.
Unknown command.
Unknown command.
Unknown command.
Unknown command.
Unknown command.
Casting: Blink (safe; 3% risk of failure)
Confirm with . or Enter, or press ? or * to list all spells.
Okay, then.
The centaur warrior unwields a +0 shortbow.
The centaur warrior wields a +0 trident of freezing.
It glows with a cold blue light!
The centaur warrior hits you with a +0 trident of freezing!
The centaur warrior freezes you.
* * * LOW HITPOINT WARNING * * *
The centaur warrior kicks you.
* * * LOW HITPOINT WARNING * * *
The howler monkey hoots and howls with incredible vigour!
You hear a shout! x2
Okay, then.
Okay, then.
Okay, then.
Okay, then.
Okay, then.
Press: ? - help, v - describe, . - travel
Here: a centaur warrior, wielding a +0 trident of freezing and quivering arrows (moderately wounded)
The floor.
Unknown command.
Okay, then.
It was a potion of magic.
Magic courses through your body.
The centaur warrior hits you with a +0 trident of freezing!
* * * LOW HITPOINT WARNING * * *
The centaur warrior freezes you.
* * * LOW HITPOINT WARNING * * *
You block the centaur warrior's attack.
The centaur warrior hits you with a +0 trident of freezing!
You die...

.......Z..###...............!....
.................................
#..........h....................
#.....<.........................
#..........h........)...........
.............h.......☼...........
..........###.........$..........
..........# #....................
...###....###...@................
...# #...........c.....######....
...###)..............##########..
....................####....#####
......[....#.......###........###
...........#.......##...####...##
.....(.....#.......o...# ####..##
......[....#..........# .|##.D#
........####......... .....cc#


You could see a centaur warrior, 3 howler monkeys and an orc.

Vanquished Creatures
  A two-headed ogre (D:6)
  A deep elf pyromancer (D:8)
  Maggie (D:7)
  A wraith (D:9)
  Menkaure (D:7)
  A water moccasin (D:7)
  An acid dragon (D:9)
  Duvessa (D:4)
  2 orc warriors
  A hornet zombie (D:8)
  An ice beast (D:5)
  A sky beast (D:7)
  A black bear (D:4)
  A necrophage (D:5)
  3 ogres
  A phantom (D:5)
  5 centaurs
  4 bullfrogs
  Blork the orc (D:4)
  2 scorpions
  Dowan (D:4)
  2 water moccasin skeletons (D:5)
  2 wights
  An electric eel (D:8)
  A howler monkey (D:4)
  A centaur zombie (D:8)
  A bullfrog zombie (D:5)
  2 hounds (D:6)
  6 orc priests
  A bullfrog skeleton (D:5)
  An iguana (D:5)
  An orc wizard (D:2)
  2 hound skeletons
  3 howler monkey zombies
  11 adders
  A shadow imp (D:5)
  2 white imps
  A worm (D:2)
  25 orcs
  6 ball pythons
  2 endoplasms
  A giant cockroach (D:3)
  6 goblins
  7 hobgoblins
  3 jackals (D:4)
  5 kobolds
  2 quokkas
  7 bats
  5 frilled lizards
  A rat (D:1)
141 creatures vanquished.

Vanquished Creatures (others)
  555 foxfires
555 creatures vanquished.

Grand Total: 696 creatures vanquished

Notes
Turn   | Place    | Note
-------+----------+-------------------------------------------
     0 | D:1      | Conn the Octopode Fire Elementalist began the quest for the
                  | Orb.
     0 | D:1      | Reached XP level 1. HP: 11/11 MP: 3/3
   222 | D:1      | Reached XP level 2. HP: 17/17 MP: 0/5
  1050 | D:2      | Reached XP level 3. HP: 21/21 MP: 3/6
  1302 | D:2      | Reached XP level 4. HP: 27/27 MP: 3/8
  1468 | D:2      | Learned a level 3 spell: Conjure Flame
  1472 | D:2      | Learned a level 3 spell: Inner Flame
  1985 | D:3      | Reached XP level 5. HP: 31/31 MP: 10/10
  3030 | D:2      | Found a burning altar of Makhleb.
  3748 | D:4      | Found a stormy altar of Qazlal.
  3756 | D:4      | Learned a level 2 spell: Blink
  3763 | D:4      | Noticed Blork the orc
  4026 | D:4      | Reached skill level 4 in Fire Magic
  4026 | D:4      | Reached XP level 6. HP: 36/36 MP: 7/11
  4111 | D:4      | Noticed a black bear
  4112 | D:4      | Found an ancient bone altar of Kikubaaqudgha.
  4118 | D:4      | Killed a black bear
  4198 | D:4      | Killed Blork the orc
  4199 | D:4      | Reached skill level 1 in Translocations
  4326 | D:5      | Entered Level 5 of the Dungeon
  4566 | D:4      | Reached XP level 7. HP: 41/41 MP: 3/13
  4741 | D:4      | Reached skill level 5 in Fire Magic
  5072 | D:4      | Noticed Dowan
  5074 | D:4      | Noticed Duvessa
  5094 | D:4      | Killed Dowan
  5105 | D:4      | Killed Duvessa
  6224 | D:5      | Reached skill level 6 in Fire Magic
  6224 | D:5      | Reached XP level 8. HP: 46/46 MP: 7/14
  7254 | D:6      | Noticed a two-headed ogre
  7306 | D:6      | Killed a two-headed ogre
  7307 | D:6      | Reached skill level 1 in Short Blades
  7307 | D:6      | Reached skill level 5 in Spellcasting
  7307 | D:6      | Reached skill level 5 in Conjurations
  7307 | D:6      | Reached skill level 7 in Fire Magic
  7307 | D:6      | Reached XP level 9. HP: 52/52 MP: 1/17
  7456 | D:6      | Found a blossoming altar of Fedhas.
  7465 | D:6      | Reached skill level 1 in Fighting
  7607 | D:6      | Found a staircase to the Ecumenical Temple.
  7672 | Temple   | Entered the Ecumenical Temple
  7849 | Temple   | Became a worshipper of Sif Muna the Loreminder
  8498 | D:6      | Identified a scroll of acquirement
  8498 | D:6      | Acquired the ring of Ilakhues {rC+ Dex+2 Slay+4}
  8523 | D:7      | Noticed Menkaure
  8716 | D:6      | Learned a level 4 spell: Sticky Flame
  8722 | D:6      | Learned a level 5 spell: Fireball
  8784 | D:7      | Found a transporter.
  8785 | D:7      | Noticed fly's ghost (novice FoDe)
  9005 | D:7      | Noticed Maggie
  9016 | D:7      | Killed Maggie
  9463 | D:7      | Killed Menkaure
  9552 | D:7      | Reached skill level 8 in Fire Magic
  9562 | D:7      | Found a transporter.
  9700 | D:7      | Found Toggaa's Jewellery Boutique.
  9853 | D:8      | Reached skill level 1 in Invocations
  9867 | D:8      | Reached XP level 10. HP: 36/60 MP: 13/19
 10147 | D:8      | Reached skill level 5 in Stealth
 10151 | D:8      | Noticed a deep elf pyromancer
 10161 | D:8      | Killed a deep elf pyromancer
 10239 | D:8      | Found a glowing golden altar of the Shining One.
 10804 | D:9      | Found a broken altar of Ashenzari.
 10809 | D:9      | Found Kadienn's Armour Shop.
 10986 | D:9      | Noticed a centaur warrior
 10986 | D:9      | Noticed a centaur warrior
 11329 | D:9      | Reached skill level 1 in Shields
 11593 | D:9      | Slain by a centaur warrior

Illustrated notes

Levels and vault maps discovered:
D:1:      lemuel_arrival_muddy, layout_basic
D:2:      layout_basic, basic_altar, serial_bayou_pond_d,
          hangedman_decor_diamond_cutter, lemuel_flame_loot_1
D:3:      layout_basic
D:4:      layout_basic, kiku_gazebo_pond_becter, grunt_qazlal_clouds,
          hangedman_decor_clover_reticule, minmay_misc_feat_encased,
          uniq_duvessa, uniq_blork_the_orc
D:5:      layout_loops_corners
D:6:      layout_cave_pods, mainiacjoe_overflow_concentric_impassable,
          minmay_temple_entry_mist, minmay_crystal_room
D:7:      layout_rooms, gammafunk_ghost_arena, serial_shops, shop,
          uniq_menkaure, uniq_maggie
D:8:      layout_basic, tso_oasis_becter, nicolae_wwwww, minivault_27,
          kennysheep_donut
D:9:      layout_big_octagon, ashenzari_conservatory_becter, serial_shops, shop,
          chequers_serial_rivers_micro_b, chequers_serial_rivers_micro_a,
          minmay_mirror_moons_of_madness
Temple:   regret_index_temple_sphere_string

Skill      XL: |  1  2  3  4  5  6  7  8  9 10 |
---------------+-------------------------------+-----
Stealth        | 3 4 5 |  5.0
Spellcasting   | 3 4 5 6 |  6.5
Conjurations   | 2 3 4 5 6 7 |  7.4
Fire Magic     | 4 6 7 8 |  8.8
Translocations | 1 3 |  3.6
Short Blades   | 1 |  1.7
Fighting       | 2 |  2.4
Dodging        | 3 |  3.1
Invocations    | 1 2 |  2.8
Shields        | 1 |  1.0
Hexes          | |  0.9
Evocations     | |  0.4

Action                   |  1- 3 |  4- 6 |  7- 9 | 10-12 || total
-------------------------+-------+-------+-------+-------++-------
Melee: Short sword       |       |    10 |    35 |       ||    45
       Constrict         |       |     3 |     9 |     3 ||    15
       Tentacles         |       |     2 |    10 |     2 ||    14
       Dagger            |       |       |     3 |     5 ||     8
 Cast: Foxfire           |    53 |    99 |   134 |    34 ||   320
       Conjure Flame     |       |     1 |     7 |       ||     8
       Inner Flame       |       |       |     6 |     5 ||    11
       Blink             |       |       |     3 |     5 ||     8
       Fireball          |       |       |     4 |     5 ||     9
       Sticky Flame      |       |       |     4 |     5 ||     9
Evoke: Wand              |       |       |     5 |     1 ||     6
  Use: Potion            |       |     2 |     6 |     3 ||    11
       Scroll            |       |       |     8 |       ||     8
 Stab: Sleeping          |       |     2 |     1 |     1 ||     4
       Paralysed         |       |       |     2 |       ||     2
Armor: Skin              |     2 |     2 |     3 |     1 ||     8
Dodge: Dodged            |     7 |    22 |    62 |    19 ||   110
Block: Other             |       |       |    21 |    11 ||    32
       Reflection        |       |       |       |     4 ||     4

Table legend: (Time is in decaauts)
 A = Elapsed time spent in this place.
 B = Non-inter-level travel time spent in this place.
 C = Inter-level travel time spent in this place.
 D = Time resting spent in this place.
 E = Time spent auto-exploring this place.
 F = Levels seen in this place.
 G = Mean time per level.
                   A        B        C        D        E       F      G
               +--------+--------+--------+--------+--------+-----+--------+
         Total |  11615 |  11406 |    209 |   2163 |   6824 |  10 | 1161.5 |
       Dungeon |  11424 |  11228 |    196 |   2163 |   6678 |   9 | 1269.3 |
        Temple |    190 |    177 |     13 |      0 |    146 |   1 |  190.0 |
               +--------+--------+--------+--------+--------+-----+--------+

Top non-repeatable levels by time:
     D:5: 1819 daAuts
     D:6: 1551 daAuts
     D:3: 1519 daAuts
     D:4: 1513 daAuts
     D:2: 1456 daAuts
     D:8: 1415 daAuts
     D:7: 924 daAuts
     D:1: 864 daAuts
     D:9: 360 daAuts
  Temple: 190 daAuts
